 Dungeon Crawl Stone Soup version 0.31-a0-1178-gc5c9b8f871 (webtiles) character file.

Game seed: 14308893980312029941

73 grandjackal the Chopper (level 4, -2/35 HPs)
             Began as a Demonspawn Gladiator on Dec 12, 2023.
             Slain by a scorpion (4 damage)
             ... on level 3 of the Dungeon.
             The game lasted 00:02:12 (1997 turns).

grandjackal the Chopper (Demonspawn Gladiator)      Turns: 1997, Time: 00:02:13

Health: -2/35      AC:  4    Str: 16    XL:     4   Next: 8%
Magic:  4/4        EV: 12    Int:  9    God:
Gold:   0          SH:  4    Dex: 14    Spells: 3/3 levels left

rFire   + . .        p - +2 spear (heavy)
rCold   + . .        (no shield)
rNeg    . . .        b - +0 leather armour
rPois   .            c - +0 helmet
rElec   .            (no cloak)
rCorr   .            (no gloves)
SInv    .            (no boots)
Will    .....        (no amulet)
Stlth   +            g - ring of protection from cold
HPRegen 0.25/turn    r - ring of protection from fire
MPRegen 0.09/turn

%: no passive effects
@: lethally poisoned (-2 -> -15)
A: powered by death 1, condensation shield
a: no special abilities


You were on level 3 of the Dungeon.
You visited 1 branch of the dungeon, and saw 3 of its levels.

You collected 156 gold pieces.
You spent 156 gold pieces at shops.

Inventory:

Hand Weapons
 a - a +0 war axe
 p - a +2 heavy spear (weapon)
Missiles
 d - 3 throwing nets (quivered)
 e - a javelin
Armour
 b - a +0 leather armour (worn)
 c - a +0 helmet (worn)
 j - a +0 buckler
 q - a +0 chain mail
Jewellery
 g - a ring of protection from cold (left hand)
 m - a ring of resist corrosion
 r - a ring of protection from fire (right hand)
Scrolls
 i - 3 scrolls of identify {unknown}
 k - 2 scrolls of enchant weapon {unknown}
 n - a scroll of teleportation {unknown}
 o - a scroll of noise {unknown}
 s - a scroll of brand weapon {unknown}
 t - a scroll of amnesia {unknown}
Potions
 f - 6 potions of curing
 h - 4 potions of attraction
 l - a potion of berserk rage {unknown}
 u - a potion of heal wounds
 v - a potion of resistance {unknown}


   Skills:
 + Level 3.0 Fighting
 + Level 3.3 Axes
 - Level 2.0 Throwing
 - Level 3.0 Dodging
 + Level 1.1 Shields


You had 3 spell levels left.
You didn't know any spells.
Your spell library contained the following spells:

 Spells                   Type           Power      Damage    Failure   Level
 Dazzling Flash           Conj/Hex       0%         N/A       83%         3
 Agony                    Necr           0%         N/A       100%        5
 Silence                  Hex/Air        0%         N/A       100%        5


Dungeon Overview and Level Annotations

Branches:
Dungeon (3/15)

Altars:
Ashenzari
Makhleb
Uskayaw

Shops:
D:2 !


Innate Abilities, Weirdness & Mutations

You regenerate a little health from kills.
A meltable shield of frost defends you. (SH +4)


Message History

No target in view!
You reach to attack!
You puncture the hobgoblin!
You kill the hobgoblin!
No target in view!
No target in view!
No target in view!
Found a stone staircase leading down.
t - a scroll labelled KOOSHRIUSIT
v - a lumpy white potion You open the door.
Found a hide-covered altar of Uskayaw.
A scorpion comes into view.
A scorpion is nearby!
You barely miss the scorpion.
The scorpion stings you but does no damage.
You block the scorpion's attack.
You closely miss the scorpion. The scorpion closely misses you.
The scorpion completely misses you.
You barely miss the scorpion. The scorpion stings you.
You are poisoned.
The scorpion poisons you!
You puncture the scorpion!
The scorpion is heavily wounded.
You feel very sick. The scorpion stings you.
You are more poisoned.
The scorpion poisons you! The scorpion stings you.
You are lethally poisoned!
The scorpion poisons you!
You hit the scorpion.
The scorpion is severely wounded.
* * * LOW HITPOINT WARNING * * *
You feel extremely sick. The scorpion closely misses you.
The scorpion barely misses you.
You hit the scorpion.
The scorpion is almost dead.
* * * LOW HITPOINT WARNING * * *
You feel extremely sick. The scorpion stings you.
You die...

######## .......#####
.>.....'...#
.......###.#
.........#.#############
................@s......
....)..###.#...#########
.......# #.##.#.......
.......# #.##.#§≈§≈≈§≈
.......# #.##.#≈..≈≈≈.
.#.....# #.####≈.≈...§
_......# #.# §§§._.≈
.#.....###.# ≈§§...§
...##.<.##.# §§ ≈§≈§


You could see a scorpion.

Vanquished Creatures
  3 adders
  A worm (D:2)
  6 endoplasms
  A giant cockroach (D:2)
  3 goblins
  8 hobgoblins
  4 ball pythons
  3 bats
  4 frilled lizards
  2 kobolds
  9 rats
44 creatures vanquished.

Notes
Turn   | Place    | Note
-------+----------+-------------------------------------------
     0 | D:1      | grandjackal the Demonspawn Gladiator began the quest for
                  | the Orb.
     0 | D:1      | Reached XP level 1. HP: 16/16 MP: 1/1
   141 | D:1      | Gained mutation: A meltable shield of frost defends you.
                  | (SH +4) [demonic ancestry]
   141 | D:1      | Reached XP level 2. HP: 22/22 MP: 2/2
   986 | D:2      | Gained mutation: You regenerate a little health from kills.
                  | [demonic ancestry]
   986 | D:2      | Reached XP level 3. HP: 13/28 MP: 3/3
  1380 | D:2      | Reached skill level 1 in Shields
  1684 | D:2      | Found a burning altar of Makhleb.
  1691 | D:2      | Found Vaniz's Distillery.
  1698 | D:2      | Bought a potion of curing for 39 gold pieces
  1698 | D:2      | Bought a potion of attraction for 39 gold pieces
  1698 | D:2      | Bought a potion of degeneration for 13 gold pieces
  1698 | D:2      | Bought a potion of heal wounds for 65 gold pieces
  1810 | D:3      | Found a broken altar of Ashenzari.
  1817 | D:3      | Reached XP level 4. HP: 25/35 MP: 4/4
  1988 | D:3      | Found a hide-covered altar of Uskayaw.
  1989 | D:3      | Noticed a scorpion
  1997 | D:3      | Slain by a scorpion

Illustrated notes

Levels and vault maps discovered:
D:1:      minmay_arrival_four_circles, layout_basic
D:2:      minmay_spotlight, layout_basic, basic_altar, serial_shops,
          nicolae_shop_trees
D:3:      layout_basic, mainiacjoe_overflow_paths, lemuel_round_altar,
          ashenzari_altar_1, bloody_trog, kennysheep_doodads,
          minmay_fractal_squares_gapless_5

Skill      XL: |  1  2  3 |
---------------+----------+-----
Throwing       | 2 |  2.0
Axes           | 3 |  3.3
Dodging        | 3 |  3.0
Shields        | 1 |  1.1
Fighting       | 3 |  3.0

Action                     |  1- 3 |  4- 6 || total
---------------------------+-------+-------++-------
  Melee: War axe           |    66 |       ||    66
         Spear             |    27 |     9 ||    36
   Stab: Sleeping          |     2 |       ||     2
 Armour: Leather armour    |    44 |     6 ||    50
  Dodge: Dodged            |    50 |     4 ||    54
  Block: Other             |    10 |     1 ||    11

Table legend: (Time is in decaauts)
 A = Elapsed time spent in this place.
 B = Non-inter-level travel time spent in this place.
 C = Inter-level travel time spent in this place.
 D = Time resting spent in this place.
 E = Time spent auto-exploring this place.
 F = Levels seen in this place.
 G = Mean time per level.
                   A        B        C        D        E       F      G
               +--------+--------+--------+--------+--------+-----+--------+
         Total |   2036 |   1977 |     59 |    222 |   1403 |   3 |  678.7 |
       Dungeon |   2036 |   1977 |     59 |    222 |   1403 |   3 |  678.7 |
               +--------+--------+--------+--------+--------+-----+--------+

Top non-repeatable levels by time:
     D:1: 996 daAuts
     D:2: 847 daAuts
     D:3: 192 daAuts
